 Dungeon Crawl Stone Soup version 0.21.1-1-g345015fe64 (webtiles) character file.

187 Kejsarherre the Bolt Thrower (level 5, 0/57 HPs)
             Began as a Formicid Hunter on May 3, 2018.
             Slain by a howler monkey (4 damage)
             ... on level 4 of the Dungeon.
             The game lasted 00:06:33 (2241 turns).

Kejsarherre the Bolt Thrower (Formicid Hunter)      Turns: 2241, Time: 00:06:34

Health: 0/57       AC: 22    Str: 14 (16) XL:     5   Next: 99%
Magic:  5/5        EV:  2    Int: 16 (17) God:
Gold:   80         SH:  0    Dex: 11      Spells: 4/4 levels left

rFire    . . .     SeeInvis .   a - +1 hand crossbow
rCold    . . .     Gourm    .   (no shield)
rNeg     + + +     Faith    .   (armour currently unavailable)
rPois    +         Spirit   .   (helmet unavailable)
rElec    .         Reflect  .   (cloak currently unavailable)
rCorr    .         Harm     .   (gloves currently unavailable)
MR       +....                  (boots currently unavailable)
Stlth    ++........             (no amulet)
HPRegen  0.19/turn              (no ring)
MPRegen  0.09/turn              (no ring)

@: brilliant, tree-form
A: permanent stasis, dig shafts and tunnels, four strong arms, deterioration 1,
magic resistance 1, evolution 1
a: no special abilities


You were on level 4 of the Dungeon.
You were not hungry.
You were a tree.
You visited 1 branch of the dungeon, and saw 4 of its levels.

You collected 160 gold pieces.
You spent 80 gold pieces at shops.

Inventory:

Hand Weapons
 a - a +1 hand crossbow (weapon)
 b - a +0 short sword
Missiles
 d - 13 bolts (quivered)
Armour
 i - a +0 chain mail (melded)
Scrolls
 c - 3 scrolls of remove curse {unknown}
 e - 4 scrolls of identify {unknown}
 l - 2 scrolls of teleportation {unknown}
 n - a scroll of enchant armour {unknown}
 p - a scroll of amnesia {unknown}
Potions
 j - a potion of might {unknown}
 m - a potion of berserk rage {unknown}
 q - a potion of curing {unknown}
Books
 o - a book of Changes

   Spells                             Type                      Level
   a - Beastly Appendage              Transmutation                1
   b - Sticks to Snakes               Transmutation                2
   c - Spider Form                    Transmutation/Poison         3
   d - Ice Form                       Ice/Transmutation            4
   e - Blade Hands                    Transmutation                5
Comestibles
 f - 6 rations


   Skills:
 - Level 2.1 Fighting
 - Level 5.7 Crossbows
 + Level 3.5 Armour
 - Level 1.7 Dodging
 - Level 1.2 Stealth


You had 4 spell levels left.
You didn't know any spells.

Dungeon Overview and Level Annotations

Branches:
Dungeon (4/15)
 Temple: D:4-7

Altars:
Xom
Zin

Shops:
D:4 !

Annotations:
D:3 Kloppie's ghost, amateur TrBe


Innate Abilities, Weirdness & Mutations

You cannot be hasted, slowed, berserked, paralysed or teleported.
You can dig through walls and to a lower floor.
Your four strong arms can wield two-handed weapons with a shield.
((You have a pair of large antennae on your head. (SInv)))
Your body sometimes deteriorates upon taking damage.
You are resistant to hostile enchantments. (MR+)
You evolve.


Message History

The howler monkey hoots and howls with incredible vigour!
You hear an angry hiss. x2
The howler monkey hits you.
* * * LOW HITPOINT WARNING * * *
Your body deteriorates!
You feel dopey.
It was a potion of haste.
Your stasis prevents you from being hasted.
The howler monkey hoots and howls with incredible vigour!
You hear an angry hiss.
The howler monkey hoots and howls with incredible vigour!
You hear an angry hiss.
There is an open door, spattered with blood here.
You see here a chain mail.
It was a potion of brilliance.
You feel clever all of a sudden.
The howler monkey hits you but does no damage.
It was a potion of lignification.
You turn into a tree.
Your +0 chain mail melds into your body.
Your roots penetrate the ground.
The howler monkey hits you.
You die...

#...# ##+##...###+# ### #
##..##...##..##..## #
#.................# # ......
#.................# #
#........#.................#
#
#....##..##[...........#...#
##+##....##..##..hh...####.#
#.#
#..##........###♣##...##...#
#............##..##........#
#...............).#h.....).#
+.................#...##..##
#.)##....##..##..[#..(##...#
#..##....######...#........#
..................+........#
...##....##..##..##.....(..#
#..##....################'##


You could see 2 howler monkeys.

Vanquished Creatures
  A hound (D:4)
  An orc wizard (D:4)
  4 adders
  3 gnolls (D:3)
  2 worms (D:2)
  A leopard gecko (D:2)
  3 orcs (D:4)
  3 giant cockroaches
  4 hobgoblins
  2 jackals (D:2)
  7 kobolds
  3 quokkas
  4 bats
  10 frilled lizards
  5 goblins
  10 rats
63 creatures vanquished.

Notes
Turn   | Place    | Note
-------+----------+-------------------------------------------
     0 | D:1      | Kejsarherre the Formicid Hunter began the quest for the Orb.
     0 | D:1      | Reached XP level 1. HP: 16/16 MP: 1/1
    84 | D:1      | Reached XP level 2. HP: 18/22 MP: 2/2
   316 | D:1      | Reached XP level 3. HP: 27/27 MP: 3/3
   562 | D:2      | Reached skill level 5 in Crossbows
   897 | D:2      | Reached XP level 4. HP: 28/33 MP: 4/4
   925 | D:3      | Noticed Kloppie's ghost (amateur TrBe)
  1508 | D:3      | Found a glowing silver altar of Zin.
  1508 | D:3      | Noticed an angel
  1558 | D:3      | Found a shimmering altar of Xom.
  1688 | D:3      | Reached skill level 1 in Armour
  1691 | D:3      | Reached XP level 5. HP: 31/38 MP: 5/5
  1915 | D:4      | Found Kooblec's Distillery.
  2131 | D:4      | Bought a potion of mutation for 80 gold pieces
  2134 | D:4      | Gained mutation: You have large cloven feet. [potion of mutation]
  2134 | D:4      | Gained mutation: Your magical capacity is low. (-10% MP) [potion of mutation]
  2134 | D:4      | Gained mutation: Your flesh is cold resistant. (rC+) [potion of mutation]
  2135 | D:4      | Lost mutation: Your magical capacity is low. (-10% MP) [potion of mutation]
  2135 | D:4      | Lost mutation: Your flesh is cold resistant. (rC+) [potion of mutation]
  2135 | D:4      | Lost mutation: You have large cloven feet. [potion of mutation]
  2135 | D:4      | Gained mutation: You are resistant to hostile enchantments. (MR+) [potion of mutation]
  2135 | D:4      | Gained mutation: Your body sometimes deteriorates upon taking damage. [potion of mutation]
  2135 | D:4      | Gained mutation: You evolve. [potion of mutation]
  2241 | D:4      | Slain by a howler monkey

Skill      XL: |  1  2  3  4  5 |
---------------+----------------+-----
Crossbows      | 5 |  5.7
Armour         | 1 3 |  3.5
Fighting       | |  2.1
Dodging        | |  1.7
Stealth        | |  1.2

Action                   |  1- 3 |  4- 6 || total
-------------------------+-------+-------++-------
Melee: Short sword       |    16 |    80 ||    96
 Fire: Hand crossbow     |    68 |    42 ||   110
  Use: Potion            |       |     5 ||     5
  Eat: Chunk             |       |     4 ||     4
Armor: Leather armour    |    17 |    16 ||    33
       Chain mail        |       |    42 ||    42
Dodge: Dodged            |    31 |    71 ||   102
